AoeStats
← QHSZ

Arena

508171293Analyzed
4v4 RM · 12d ago on Sep 21, 2026· 55m 28s· 8 players
Game mode
Random Map
Map size
Large (8 player)
Population
200
Speed
Normal
Resources
Standard
Victory
Conquest
Starting age
Dark Age
Ending age
Imperial Age
RankedLock teamsTeams togetherTeam positionsShared explorationLock speedFull tech treeHidden civsTurbo modeCheats
Victory
Defeat
🇺🇸 Sicilians · United States
1304
+13
🇫🇷 Burmese · France
1243
+15
🇮🇳 Lithuanians · India
1208
+17
🇦🇺 Bengalis · Australia
1204
+17
🇨🇳 Armenians · China
1258
-17
🇦🇷 Teutons · Argentina
1225
-15
🇨🇳 Burgundians · China
1211
-15
🇭🇰 Vietnamese · Hong Kong SAR China
1205
-15
QHSZ
11:03 Feudal Age
10:59 Loom
11:54 Man-at-Arms
15:40 Double-Bit Axe
15:36 Horse Collar
20:48 Castle Age
22:30 Bow Saw
23:04 Wheelbarrow
22:14 Town Watch
22:42 Heavy Plow
27:05 Town Watch
28:31 Hand Cart
33:30 Imperial Age
30:53 Pikeman
31:33 Squires
30:54 Long Swordsman
31:19 Gambesons
31:20 Arson
31:38 Scale Mail Armor
31:49 Forging
32:15 Padded Archer Armor
32:05 Fletching
32:37 Fortified Wall
32:47 Ballistics
33:02 Chain Mail Armor
34:30 Iron Casting
33:36 Capped Ram
33:45 Two-Handed Swordsman
34:00 Halberdier
34:59 Arson
34:57 Heavy Scorpion
35:33 Champion
37:30 Plate Mail Armor
39:04 Chemistry
38:15 Masonry
38:51 Guilds
42:32 Blast Furnace
42:34 Bodkin Arrow
42:55 Leather Archer Armor
46:35 Crenellations
46:39 Ironclad
46:40 Conscription
46:41 Crenellations
49:18 Siege Engineers
YKY
10:40 Feudal Age
14:43 Castle Age
13:33 Double-Bit Axe
14:06 Horse Collar
15:46 Bow Saw
16:45 Loom
21:19 Wheelbarrow
23:08 Hand Cart
23:11 Gold Mining
28:49 Imperial Age
26:26 Stone Mining
27:05 Heavy Plow
28:33 Stone Shaft Mining
28:36 Ballistics
28:27 Fortified Wall
28:24 Fletching
28:35 Padded Archer Armor
29:11 Bodkin Arrow
29:31 Thumb Ring
30:05 Leather Archer Armor
31:22 Chemistry
29:48 Elite Skirmisher
30:33 Bracer
30:44 Forging
30:40 Scale Barding Armor
30:42 Husbandry
30:52 Bloodlines
31:48 Crop Rotation
32:01 Ring Archer Armor
32:06 Imperial Skirmisher
34:03 Iron Casting
34:41 Chain Barding Armor
38:26 Two-Man Saw
38:15 Plate Barding Armor
38:36 Pikeman
39:16 Squires
39:18 Scale Mail Armor
39:16 Halberdier
39:42 Arson
40:44 Chain Mail Armor
43:14 Chatras
44:00 Plate Mail Armor
48:05 Elite Fire Lancer
冰石戟
10:52 Feudal Age
9:36 Loom
14:42 Castle Age
13:29 Double-Bit Axe
13:27 Horse Collar
21:56 Wheelbarrow
22:11 Loom
22:47 Bow Saw
25:41 Hand Cart
25:19 Gold Mining
25:21 Stone Mining
28:26 Imperial Age
25:44 Town Watch
26:44 Gold Shaft Mining
26:30 Scale Mail Armor
26:41 Forging
26:32 Man-at-Arms
27:20 Town Patrol
27:29 Gambesons
27:47 Squires
27:48 Long Swordsman
28:22 Arson
27:57 Pikeman
28:39 Herbal Medicine
29:03 Heavy Plow
28:41 Two-Handed Swordsman
29:40 Chain Mail Armor
30:01 Iron Casting
30:28 Conscription
30:14 Fereters
30:01 Champion
31:13 Plate Mail Armor
31:18 Iron Casting
31:24 Iron Casting
30:48 Halberdier
32:04 Conscription
33:04 Blast Furnace
31:56 Fletching
32:54 Fereters
33:46 Ballistics
34:27 Chemistry
33:24 Elite Composite Bowman
34:03 Bodkin Arrow
35:57 Bracer
35:58 Padded Archer Armor
37:08 Guilds
40:03 Hoardings
42:30 Masonry
42:12 Capped Ram
46:54 Siege Ram
48:44 Caravan
52:02 Leather Archer Armor
52:35 Scale Barding Armor
53:00 Husbandry
53:10 Bloodlines
52:22 Cavalier
53:37 Ring Archer Armor
52:49 Light Cavalry
54:46 Chain Barding Armor
国产男子汉
3:34 Double-Bit Axe
7:18 Horse Collar
12:01 Feudal Age
15:38 Castle Age
13:50 Bow Saw
14:55 Gold Mining
19:51 Scale Mail Armor
20:03 Forging
20:31 Loom
24:10 Wheelbarrow
29:47 Hand Cart
30:36 Two-Man Saw
32:11 Imperial Age
29:49 Stone Mining
31:14 Two-Man Saw
30:15 Heavy Plow
31:42 Iron Casting
33:46 Gold Shaft Mining
33:47 Stone Shaft Mining
34:20 Chemistry
33:41 Ballistics
33:20 Town Watch
34:24 Padded Archer Armor
34:46 Burgundian Vineyards
35:01 Conscription
37:47 Fletching
38:14 Leather Archer Armor
37:59 Treadmill Crane
38:29 Masonry
38:31 Fortified Wall
38:56 Crop Rotation
40:07 Blast Furnace
41:08 Blast Furnace
40:25 Chain Mail Armor
40:08 Pikeman
40:49 Squires
40:34 Arson
40:52 Halberdier
43:38 Plate Mail Armor
43:41 Caravan
46:54 Murder Holes
46:45 Arrowslits
47:31 Architecture
49:26 Bodkin Arrow
49:37 Scale Barding Armor
49:17 Elite Skirmisher
51:03 Coinage
50:46 Guilds
50:55 Bracer
51:08 Imperial Skirmisher
raw0000
7:28 Loom
10:16 Feudal Age
15:05 Castle Age
14:06 Horse Collar
14:14 Double-Bit Axe
27:37 Loom
28:28 Wheelbarrow
27:39 Town Watch
27:47 Gold Mining
28:10 Bow Saw
28:03 Heavy Plow
28:01 Stone Mining
29:38 Stone Shaft Mining
29:23 Town Patrol
29:49 Hand Cart
34:36 Imperial Age
32:19 Forging
32:14 Scale Barding Armor
32:13 Husbandry
32:28 Bloodlines
34:26 Chain Barding Armor
34:42 Iron Casting
35:24 Elite Leitis
36:33 Conscription
37:04 Plate Barding Armor
38:48 Fletching
38:59 Padded Archer Armor
39:31 Tower Shields
39:38 Bodkin Arrow
39:32 Elite Skirmisher
40:17 Thumb Ring
40:54 Bracer
41:09 Leather Archer Armor
41:27 Ballistics
42:08 Chemistry
43:47 Ring Archer Armor
53:40 Guilds
53:41 Caravan
Vanilla Gorilla
10:53 Feudal Age
14:53 Castle Age
12:48 Double-Bit Axe
12:45 Horse Collar
16:24 Heavy Plow
16:54 Bow Saw
19:22 Wheelbarrow
20:36 Hand Cart
22:39 Gold Mining
28:14 Imperial Age
25:31 Loom
25:38 Fletching
25:33 Treadmill Crane
27:15 Fortified Wall
27:18 Masonry
27:39 Ballistics
27:23 Bodkin Arrow
28:53 Padded Archer Armor
28:56 Bracer
29:59 Chemistry
29:20 Elite Elephant Archer
30:10 Padded Archer Armor
32:01 Conscription
31:49 Paiks
32:54 Leather Archer Armor
34:06 Siege Engineers
34:33 Architecture
34:59 Ring Archer Armor
35:20 Crop Rotation
36:55 Bloodlines
36:46 Husbandry
39:14 Siege Elephant
40:52 Caravan
49:25 Mahayana
I ONLY MAKE TRADE CARTS
10:43 Feudal Age
12:20 Double-Bit Axe
15:10 Castle Age
13:14 Horse Collar
16:14 Bow Saw
22:14 Wheelbarrow
22:15 Loom
22:59 Gold Mining
27:23 Heavy Plow
31:00 Imperial Age
28:46 Hand Cart
28:16 Town Watch
28:17 Loom
28:32 Town Watch
28:45 Stone Mining
30:13 First Crusade
31:01 Gold Shaft Mining
31:02 Stone Shaft Mining
31:03 Ballistics
30:53 Masonry
31:13 Scale Mail Armor
31:23 Forging
31:06 Elite Serjeant
32:06 Conscription
32:12 Chain Mail Armor
31:56 Fletching
33:34 Iron Casting
33:09 Arrowslits
34:24 Chemistry
34:41 Bodkin Arrow
35:17 Plate Mail Armor
35:31 Siege Engineers
37:26 Blast Furnace
36:27 Bracer
45:57 Caravan
PILOT
9:04 Feudal Age
15:18 Castle Age
14:01 Horse Collar
21:57 Heavy Plow
26:38 Wheelbarrow
26:29 Town Watch
31:35 Imperial Age
29:34 Scale Mail Armor
29:25 Loom
29:56 Hand Cart
29:17 Man-at-Arms
30:30 Chain Mail Armor
30:01 Long Swordsman
31:45 Forging
31:57 Gambesons
32:12 Squires
32:47 Pikeman
34:37 Scale Barding Armor
35:42 Chain Barding Armor
38:46 Imperial Age
36:42 Bloodlines
36:33 Husbandry
36:27 Gold Mining
37:46 Iron Casting
37:38 Chain Barding Armor
38:15 Manipur Cavalry
38:55 Gold Shaft Mining
40:05 Plate Barding Armor
40:43 Iron Casting
40:25 Howdah
42:13 Elite Battle Elephant
43:48 Conscription
43:28 Stone Mining
45:16 Blast Furnace
46:41 Caravan
46:13 Light Cavalry
47:03 Hussar
50:45 Fletching
51:49 Bodkin Arrow
54:25 Bracer
54:37 Masonry
55:26 Murder Holes
56:02 Architecture
55:53 Ballistics
Connection lost

Rejoining the realm…

Still unreachable

The connection could not be restored.

Session expired

The server has moved on; the page needs a fresh start.